Unix NetHack Version 5.0.0-0 post-release - last build May  4 2026 22:22:43 (774f63e81ad911689b3a0859ea89b322d5daca8d,branch:main).

Game began 2026-05-07 16:01:03, ended 2026-05-07 16:30:40.

01245990302, neutral male human Monk

                                 -----
            --                  --...--
            ..---             ---.....|
      ------`...--            |......--
   ..............--------------......-------
            -............^*.....%..........-
            |......-.-----.(......--------
            --........|  --.......--
             --......-|   --..)....--
       --------......<|    ----.....|
       |..|.--........---     |..-..|
       |..........|.....|   ---)....--
       |.-........|.....--- |........--
   ------...........--....---.........|
   |.@|...%.........||.....|...........|
   |..G.............-----..*..)*....----
   |...%G.--.--......|  --..........|
   --.G---------.--.--   ----.|..----
    ----       ------       ------

01245990302 the Novice          St:13 Dx:15 Co:11 In:10 Wi:14 Ch:10  Neutral
Dlvl:4  $:60 HP:0(33) Pw:26(26) AC:4  Xp:4 T:2081 

Latest messages:
 You ready: m - a crude dagger.
 In what direction? 6
 The crude dagger hits the gnome.
 You kill the gnome!
 r - 2 arrows (3 in total).
 m - a crude dagger (at the ready).
 The gnome swings his thonged club.
 The gnome hits!
 In what direction? 9
 The crude dagger misses the gnome.
 You kill the gnome!
 m - a crude dagger (at the ready).
 t - a thonged club.
 The gnome hits!
 The gnome swings her bow.
 The gnome hits!
 The gnome shoots an arrow!
 The arrow hits the gnome.
 The hobbit shoots a rock!
 You are almost hit by a rock.
 The gnome swings her bow.
 The gnome hits!
 In what direction? 8
 The crude dagger hits the gnome.
 The gnome swings her bow.
 The gnome hits!
 You hit the gnome.
 You kill the gnome!
 The gnome swings her bow.
 The gnome hits!
 The hobbit swings his sling.
 The hobbit just misses!
 m - a crude dagger (at the ready).
 You have trouble lifting a gnome corpse.  Continue? [ynq] (q) n
 u - a candle.
 v - a rock.
 The gnome swings her bow.
 The gnome misses!
 The gnome shoots an arrow!
 An arrow misses you.
 The gnome misses!
 The hobbit picks up a rock.
 The gnome picks up an arrow.
 The gnome hits!
 You die...
 Do you want your possessions identified? [ynq] (y) y
 Do you want to see your attributes? [ynq] (y) y
 Do you want an account of creatures vanquished? [ynaq] (y) y
 Do you want to see your conduct and achievements? [ynq] (y) y
 Do you want to see the dungeon overview? [ynq] (y) y

Inventory:
 Coins    ('$')
  $ - 60 gold pieces
 Weapons  (')')
  r - 3 +0 arrows
  o - 20 +0 darts
  q - a +0 dagger
  m - a blessed +0 orcish dagger (at the ready)
  t - a +0 aklys
 Armor    ('[')
  a - an uncursed +2 pair of leather gloves (being worn)
  b - an uncursed +1 robe (being worn)
 Comestibles  ('%')
  g - 6 uncursed apples
  f - 3 uncursed food rations
  i - 3 uncursed fortune cookies
  h - 8 uncursed oranges
  n - an uncursed egg
 Scrolls  ('?')
  c - a blessed scroll of destroy armor
 Spellbooks  ('+')
  j - a blessed spellbook of protection
 Potions  ('!')
  e - a blessed potion of healing
  d - 2 uncursed potions of healing
  l - an uncursed potion of levitation
  k - a cursed potion of sleeping
 Tools    ('(')
  u - an uncursed tallow candle
 Gems/Stones  ('*')
  s - an uncursed worthless piece of yellow glass
  v - an uncursed rock

01245990302 the Monk's attributes:

Background:
 You were a Novice, a level 4 male human Monk.
 You were neutral, nominally on a mission for Chih Sung-tzu
 who was opposed by Shan Lai Ching (lawful) and Huan Ti (chaotic).
 You were right-handed.
 You were in the Gnomish Mines, on level 4.
 You entered the dungeon 2081 turns ago.
 You had 115 experience points, 45 more were needed to attain level 5.

Basics:
 You had 0 out of 33 hit points.
 You had all 26 energy points (spell power).
 Your armor class was 4.
 Your wallet contained 60 zorkmids.
 Autopickup was off.

Final Characteristics:
 Your strength was 13 (peak:15, limit:18/100).
 Your dexterity was 15 (limit:18).
 Your constitution was 11 (limit:18).
 Your intelligence was 10 (limit:18).
 Your wisdom was 14 (limit:18).
 Your charisma was 10 (limit:18).

Final Status:
 You weren't hungry.
 You were unencumbered.
 You were empty handed.
 You had basic skill with martial arts.

Final Attributes:
 You were piously aligned.
 You were sleep resistant.
 You were poison resistant.
 You saw invisible.
 You were guarded.
 Your spell casting was enhanced by wearing a robe.
 You were fast.
 You are dead.

Miscellaneous:
 You didn't encounter any bones levels.
 Total elapsed playing time was 29 minutes and 35 seconds.

Major events:
 Turn
    1: 01245990302 the neutral male human Monk entered the dungeon
  744: attained the rank of Novice (level 3)
 1953: entered the Gnomish Mines
 2081: killed by a gnome

Spells:
 Name                 Level Category     Fail Retention
 protection             1   clerical       0%  76%-100%

Skills:
 Fighting Skills
   martial arts       [Basic]
 Weapon Skills
   quarterstaff       [Unskilled]
   spear              [Unskilled]
   crossbow           [Unskilled]
   shuriken           [Unskilled]
 Spellcasting Skills
   attack spells      [Unskilled]
   healing spells     [Basic]
   divination spells  [Unskilled]
   enchantment spells [Unskilled]
   clerical spells    [Unskilled]
   escape spells      [Unskilled]
   matter spells      [Unskilled]

Voluntary challenges:
 Character rerolling was not enabled.
 You were an atheist.
 You never hit with a wielded weapon.
 You were illiterate.
 You never genocided any monsters.
 You never polymorphed an object.
 You never changed form.
 You used no wishes.
Achievements:
 You attained the rank of Novice.
 You entered the Gnomish Mines.

 The Dungeons of Doom: levels 1 to 3
    Level 1:
    Level 2:
    Level 3:
       A fountain, a sink.
       Stairs down to The Gnomish Mines.
 The Gnomish Mines:
    Level 4: <- You were here.
       Final resting place for
          you, killed by a gnome.


Vanquished creatures:
  a dwarf
 an iguana
  2 brown molds
  2 yellow molds
  5 gnomes
  5 geckos
  2 jackals
  a fox
  2 goblins
  2 sewer rats
  a grid bug
  a bat
  4 lichens
  8 newts
37 creatures vanquished.

No species were genocided or became extinct.

Game over:
                       ----------
                      /          \
                     /    REST    \
                    /      IN      \
                   /     PEACE      \
                  /                  \
                  |   01245990302    |
                  |      60 Au       |
                  |   killed by a    |
                  |      gnome       |
                  |                  |
                  |                  |
                  |       2026       |
                 *|     *  *  *      | *
        _________)/\\_//(\/(/\)/\//\/|_)_______

Goodbye 01245990302 the Monk...

You died in The Gnomish Mines on dungeon level 4 with 664 points,
and 60 pieces of gold, after 2081 moves.
You were level 4 with a maximum of 33 hit points when you died.

